[Event "WYCC 2018 G16"]
[Site "Halkidiki"]
[Date "2018.10.28"]
[Round "9"]
[White "Kucharska, Honorata"]
[Black "Srdanovic, Jovana"]
[Result "1/2-1/2"]
[ECO "B22"]
[WhiteElo "2073"]
[BlackElo "2072"]
[Annotator "NA"]
[PlyCount "108"]
[EventDate "2018.10.20"]
[EventType "swiss"]
[EventCountry "GRE"]
[SourceTitle "playchess.com"]
[Source "ChessBase"]
[SourceQuality "1"]
[TimeControl "40/5400+30:1800+30"]

1. e4 c5 2. c3 d5 3. exd5 Qxd5 4. d4 Nf6 5. Nf3 Bg4 6. Be2 e6 7. O-O Be7 8. Be3 cxd4 9. Nxd4 Bxe2 10. Qxe2 a6 11. c4 Qh5 12. Qxh5 Nxh5 13. Nc3 Nd7 14. f4 Nhf6 15. Rac1 Ng4 16. Bf2 Nxf2 17. Kxf2 Bc5 18. Rfd1 g5 19. Ne4 gxf4 20. Kf3 Rg8 21. a3 Ke7 22. b4 Bxd4 23. Rxd4 Rad8 24. Rcd1 Ne5+ 25. Kxf4 Nxc4 26. Rxd8 Rxd8 27. Rc1 Rd4 28. Kf3 b6 29. a4 Ne5+ 30. Ke3 Rxb4 31. Rc7+ Nd7 32. a5 Kd8 33. Ra7 f6 34. axb6 Rxb6 35. g4 e5 36. h4 Rb4 37. h5 Rb3+ 38. Ke2 Rb6 39. Ke3 Rc6 40. Ke2 Ke7 41. Ng3 Rc2+ 42. Kd3 Rb2 43. Kc4 Rc2+ 44. Kd3 Rc6 45. Nf5+ Kd8 46. Ke3 Rb6 47. Ke2 Rb2+ 48. Ke3 Rb6 49. Ke2 Rc6 50. Ke3 Rb6 51. Ke2 Rb4 52. Kf3 Rb6 53. Ke3 Rb4 54. Kf3 Rb6 1/2-1/2

[Event "WYCC 2018 G16"]
[Site "Halkidiki"]
[Date "2018.10.28"]
[Round "9"]
[White "Rudzinska, Michalina"]
[Black "Gomez Barrera, Javiera Belen"]
[Result "1-0"]
[ECO "C49"]
[WhiteElo "2073"]
[BlackElo "2136"]
[Annotator "NA"]
[PlyCount "83"]
[EventDate "2018.10.20"]
[EventType "swiss"]
[EventCountry "GRE"]
[SourceTitle "playchess.com"]
[Source "ChessBase"]
[SourceQuality "1"]
[TimeControl "40/5400+30:1800+30"]

1. e4 e5 2. Nf3 Nc6 3. Nc3 Nf6 4. Bb5 Bb4 5. O-O O-O 6. d3 Re8 7. Bg5 Be7 8. Bxc6 dxc6 9. Nxe5 Nxe4 10. Nxe4 f6 11. Nxc6 bxc6 12. Bd2 Rb8 13. Bc3 Qd5 14. Qf3 Be6 15. Qg3 Qd8 16. Rfe1 Bf7 17. Re3 Bg6 18. Rae1 Qd7 19. h4 Bd6 20. Qf3 Be5 21. h5 Bxe4 22. Rxe4 Bxc3 23. bxc3 Rxe4 24. Qxe4 Qd5 25. Qg4 Kf7 26. c4 Qd6 27. h6 g6 28. c5 Qd5 29. c4 Qf5 30. Qe2 Qd7 31. d4 Re8 32. Qxe8+ Qxe8 33. Rxe8 Kxe8 34. f4 Kd7 35. Kf2 Ke6 36. Ke3 Ke7 37. Ke4 Kd7 38. g4 Ke7 39. g5 fxg5 40. fxg5 Ke6 41. d5+ {[%emt 0:00:26] Kxd5+} Ke7 42. Ke5 1-0

[Event "WYCC 2018 G16"]
[Site "Halkidiki"]
[Date "2018.10.28"]
[Round "9"]
[White "Urh, Zala"]
[Black "Ouellet, Maili-Jade"]
[Result "0-1"]
[ECO "E32"]
[WhiteElo "2066"]
[BlackElo "2122"]
[Annotator "NA"]
[PlyCount "158"]
[EventDate "2018.10.20"]
[EventType "swiss"]
[EventCountry "GRE"]
[SourceTitle "playchess.com"]
[Source "ChessBase"]
[SourceQuality "1"]
[TimeControl "40/5400+30:1800+30"]

1. d4 Nf6 2. c4 e6 3. Nc3 Bb4 4. Qc2 O-O 5. a3 Bxc3+ 6. Qxc3 d5 7. Bg5 dxc4 8. Qxc4 b6 9. Rd1 Ba6 10. Qa4 Qe7 11. Nf3 Rd8 12. e3 Bxf1 13. Rxf1 c5 14. dxc5 Rxd1+ 15. Qxd1 bxc5 16. Ne5 Nbd7 17. Nxd7 Qxd7 18. Qxd7 Nxd7 19. Kd2 f6 20. Bf4 e5 21. Bg3 Rb8 22. Kc2 Kf7 23. Rd1 Ke6 24. f4 Rb7 25. e4 exf4 26. Bxf4 Ne5 27. Rd5 Nc4 28. Rxc5 Nxb2 29. Rc6+ Ke7 30. e5 Na4 31. exf6+ gxf6 32. Bd2 Nb6 33. Bb4+ Kf7 34. Bc3 Nd7 35. Bd4 Ne5 36. Ra6 Rc7+ 37. Kd2 Nc6 38. Bc3 Ke6 39. Kd3 Kf5 40. Bd2 Ne5+ 41. Ke2 h5 42. Be3 Rc2+ 43. Kf1 Ng4 44. Bxa7 Nxh2+ 45. Kg1 Ng4 46. Kf1 Ne5 47. Ra4 Nc4 48. Bd4 h4 49. Bf2 Ke5 50. Bxh4 Ne3+ 51. Ke1 Nxg2+ 52. Kd1 Ne3+ 53. Ke1 f5 54. Bg3+ Kd5 55. Bf2 Nc4 56. Ra8 Ke4 57. Rd8 f4 58. a4 Ne5 59. Re8 Ra2 60. Bb6 Kf5 61. a5 f3 62. Rf8+ Ke4 63. Re8 Kd5 64. Rd8+ Ke4 65. Re8 Kf5 66. Rf8+ Kg6 67. Bd4 Nf7 68. Rg8+ Kf5 69. Rf8 Ke6 70. Re8+ Kd5 71. Rf8 Nd6 72. Bc3 Ke4 73. Kf1 Nf5 74. Bb4 Ne3+ 75. Kg1 Rg2+ 76. Kh1 f2 77. Re8+ Kf3 78. Rxe3+ Kxe3 79. Kxg2 Ke2 0-1

[Event "WYCC 2018 G16"]
[Site "Halkidiki"]
[Date "2018.10.28"]
[Round "9"]
[White "Meenal Gupta"]
[Black "Bach, Ngoc Thuy Duong"]
[Result "0-1"]
[ECO "B90"]
[WhiteElo "2065"]
[BlackElo "2161"]
[Annotator "NA"]
[PlyCount "112"]
[EventDate "2018.10.20"]
[EventType "swiss"]
[EventCountry "GRE"]
[SourceTitle "playchess.com"]
[Source "ChessBase"]
[SourceQuality "1"]
[TimeControl "40/5400+30:1800+30"]

1. e4 c5 2. Nf3 d6 3. d4 cxd4 4. Nxd4 Nf6 5. Nc3 a6 6. Be3 e5 7. Nb3 Be6 8. f3 Be7 9. Qd2 O-O 10. O-O-O Nbd7 11. g4 b5 12. g5 b4 13. Ne2 Ne8 14. f4 a5 15. Kb1 a4 16. Nbc1 Qa5 17. f5 Bc4 18. Ng3 Bxf1 19. Rhxf1 Bd8 20. f6 g6 21. h4 Bb6 22. Bxb6 Nxb6 23. h5 Nc4 24. Qd3 Qc5 25. Rf3 Nc7 26. hxg6 fxg6 27. Rh1 Qd4 28. Qxd4 exd4 29. Rd3 Ne6 30. Nce2 Ne5 31. Rdd1 Nf3 32. Rhf1 Nexg5 33. Nxd4 Rxf6 34. Nxf3 Nxf3 35. Nf5 gxf5 36. Rxf3 Raf8 37. Rdf1 f4 38. Kc1 h5 39. Kd2 Kg7 40. Kd3 Kg6 41. Rg1+ Kh6 42. Kc4 Rc8+ 43. Kxb4 Rxc2 44. b3 axb3 45. axb3 Re2 46. Ka5 Rxe4 47. b4 Rf5+ 48. b5 Ree5 49. Rb1 Kg5 50. Rg1+ Kf6 51. Rb1 Re3 52. Rxe3 fxe3 53. Re1 Re5 54. Kb4 Kf5 55. b6 Ke4 56. b7 Re8 0-1

[Event "WYCC 2018 G16"]
[Site "Halkidiki"]
[Date "2018.10.28"]
[Round "9"]
[White "Aubert, Estee"]
[Black "Booysen, Tineke"]
[Result "1-0"]
[ECO "C00"]
[WhiteElo "2064"]
[BlackElo "1173"]
[Annotator "NA"]
[PlyCount "71"]
[EventDate "2018.10.20"]
[EventType "swiss"]
[EventCountry "GRE"]
[SourceTitle "playchess.com"]
[Source "ChessBase"]
[SourceQuality "1"]
[TimeControl "40/5400+30:1800+30"]

1. e4 e6 2. d3 d5 3. Nd2 Nf6 4. Ngf3 c5 5. g3 Nc6 6. Bg2 Be7 7. O-O O-O 8. e5 Nd7 9. Re1 Qc7 10. Qe2 b6 11. Nf1 Bb7 12. h4 h6 13. Bf4 Rac8 14. N1h2 Nd4 15. Qd1 Nf5 16. Bh3 Qc6 17. Nd2 Rfe8 18. Qh5 g6 19. Qd1 Bf8 20. Ng4 Kg7 21. Bg2 Be7 22. Nf3 d4 23. Qd2 Rh8 24. Ngh2 Nf8 25. g4 Nh7 26. gxf5 exf5 27. Bxh6+ Kg8 28. Re2 Qd7 29. e6 fxe6 30. Ne5 Qc7 31. Nxg6 Bxg2 32. Rxe6 Bd6 33. Kxg2 Bxh2 34. Qe2 Bd6 35. Re8+ Kf7 36. Qe6# 1-0

[Event "WYCC 2018 G16"]
[Site "Halkidiki"]
[Date "2018.10.28"]
[Round "9"]
[White "Gombocz, Zsofia"]
[Black "Sanabria Taskila, Jenny Maria"]
[Result "0-1"]
[ECO "B51"]
[WhiteElo "2038"]
[BlackElo "1728"]
[Annotator "NA"]
[PlyCount "140"]
[EventDate "2018.10.20"]
[EventType "swiss"]
[EventCountry "GRE"]
[SourceTitle "playchess.com"]
[Source "ChessBase"]
[SourceQuality "1"]
[TimeControl "40/5400+30:1800+30"]

1. e4 c5 2. Nf3 d6 3. Bb5+ Nd7 4. d4 Ngf6 5. Nc3 cxd4 6. Qxd4 e5 7. Qd3 a6 8. Bxd7+ Bxd7 9. a4 h6 10. O-O Bc6 11. Nh4 Nxe4 12. Nxe4 d5 13. Qg3 dxe4 14. Qxe5+ Qe7 15. Bf4 Rd8 16. Qxe7+ Bxe7 17. Nf5 Bf6 18. c3 O-O 19. Rfe1 Rfe8 20. h3 Re6 21. a5 Rd5 22. Ne3 Rb5 23. Re2 Re7 24. Bd6 Rd7 25. Bb4 Bd8 26. Nc2 Bc7 27. Ne3 f5 28. Nc4 Rbd5 29. Ne3 Rd3 30. Ree1 g6 31. b3 Kf7 32. Nc4 Kf6 33. Ne3 f4 34. Nc4 Kf5 35. Rac1 g5 36. Rc2 h5 37. Nb6 Rd8 38. Bc5 Be5 39. Bb4 g4 40. hxg4+ hxg4 41. Nc4 Bc7 42. Bc5 g3 43. fxg3 Rxg3 44. Rf1 Kg6 45. Bb6 Bxb6+ 46. axb6 Kg5 47. Ne5 Be8 48. Kh2 Rd6 49. Re1 Kf5 50. Nc4 Rdd3 51. Rce2 Bc6 52. Na5 Rxc3 53. Nxc6 Rxc6 54. Rxe4 Rxb3 55. Re5+ Kg4 56. Re7 Rcxb6 57. Rg7+ Kf5 58. Ree7 Rh6+ 59. Kg1 b5 60. Rc7 Re6 61. Rgf7+ Ke4 62. Rc1 a5 63. Rf1 f3 64. gxf3+ Kd4 65. Rf5 a4 66. Rd1+ Kc4 67. Rc1+ Kb4 68. Rf4+ Ka5 69. Rf8 a3 70. f4 a2 0-1

[Event "WYCC 2018 G16"]
[Site "Halkidiki"]
[Date "2018.10.28"]
[Round "9"]
[White "Sosa Suarez, Carla Cristina"]
[Black "Zhang, Cindy"]
[Result "0-1"]
[ECO "C07"]
[WhiteElo "2025"]
[BlackElo "1790"]
[Annotator "NA"]
[PlyCount "137"]
[EventDate "2018.10.20"]
[EventType "swiss"]
[EventCountry "GRE"]
[SourceTitle "playchess.com"]
[Source "ChessBase"]
[SourceQuality "1"]
[TimeControl "40/5400+30:1800+30"]

1. e4 e6 2. d4 d5 3. Nd2 c5 4. Ngf3 cxd4 5. exd5 Qxd5 6. Bc4 Qd6 7. Qe2 Nf6 8. Nb3 Nc6 9. O-O Be7 10. Rd1 O-O 11. Nbxd4 Rd8 12. Bg5 Nxd4 13. Rxd4 Qc7 14. Bf4 Qc5 15. Rxd8+ Bxd8 16. Rd1 Be7 17. Ne5 a6 18. a4 b6 19. Qf3 Ra7 20. Nc6 Bb7 21. Nxe7+ Qxe7 22. Qe3 Nd5 23. Qe5 Qf8 24. Be3 Qc8 25. Bb3 Ra8 26. Bd4 Nf6 27. Qg5 h6 28. Qg3 Qd8 29. c3 Nh5 30. Qe5 Nf6 31. Be3 Qe7 32. Bxb6 Bxg2 33. Qc7 Qxc7 34. Bxc7 Bf3 35. Rd8+ Rxd8 36. Bxd8 Nd7 37. Bc4 Nc5 38. b3 Bb7 39. Bb6 Ne4 40. Kf1 Nxc3 41. Bd4 Ne4 42. Ke2 g6 43. Be3 h5 44. Kd3 Nd6 45. Bc5 Nxc4 46. Kxc4 Bd5+ 47. Kc3 f6 48. b4 Bc6 49. a5 e5 50. Kc4 Kf7 51. Be3 g5 52. Kc5 Bb5 53. Kd5 Kg6 54. Bc5 Bd3 55. Be7 Kf5 56. Bd8 g4 57. Be7 h4 58. Bd8 Kg6 59. Be7 Bb5 60. Bd8 Kf7 61. Kd6 Bc4 62. Kc5 Be2 63. Kd6 Kg6 64. Be7 e4 65. Kd5 e3 66. fxe3 g3 67. hxg3 h3 68. g4 h2 69. Kd4 0-1

[Event "WYCC 2018 G16"]
[Site "Halkidiki"]
[Date "2018.10.28"]
[Round "9"]
[White "Hercog, Nusa"]
[Black "Puppi Lazo, Stephanie Beatriz"]
[Result "0-1"]
[ECO "E12"]
[WhiteElo "2017"]
[BlackElo "1847"]
[Annotator "NA RC"]
[PlyCount "62"]
[EventDate "2018.10.20"]
[EventType "swiss"]
[EventCountry "GRE"]
[SourceTitle "playchess.com"]
[Source "ChessBase"]
[SourceQuality "1"]
[TimeControl "40/5400+30:1800+30"]

1. d4 Nf6 2. c4 e6 3. Nf3 b6 4. a3 c5 5. d5 Ba6 6. Qc2 exd5 7. cxd5 g6 8. Nc3 Bg7 9. e4 Bxf1 10. Kxf1 d6 11. g3 O-O 12. Kg2 Nbd7 13. Re1 Re8 14. Nd2 a6 15. a4 Qc7 16. b3 Rab8 17. Qd3 Ng4 18. h3 Nge5 19. Qc2 c4 20. Re3 b5 21. axb5 axb5 22. Rb1 Rec8 23. b4 Nd3 24. f4 Nxb4 25. Qd1 Nd3 26. Qc2 Qc5 27. Re2 b4 28. Na4 Qb5 29. Nb2 Nxb2 30. Bxb2 c3 31. Nf1 cxb2 0-1

[Event "WYCC 2018 G16"]
[Site "Halkidiki"]
[Date "2018.10.28"]
[Round "9"]
[White "Bogdanic, Katarina"]
[Black "Leonova, Ameliya"]
[Result "1-0"]
[ECO "A10"]
[WhiteElo "2014"]
[BlackElo "1736"]
[Annotator "NA RC"]
[PlyCount "57"]
[EventDate "2018.10.20"]
[EventType "swiss"]
[EventCountry "GRE"]
[SourceTitle "playchess.com"]
[Source "ChessBase"]
[SourceQuality "1"]
[TimeControl "40/5400+30:1800+30"]

1. c4 f5 2. Nf3 Nf6 3. g3 g6 4. Bg2 Bg7 5. Nc3 O-O 6. O-O d6 7. d3 e5 8. Rb1 Nc6 9. b4 h6 10. b5 Ne7 11. a4 g5 12. Nd2 Qe8 13. a5 Rb8 14. b6 axb6 15. axb6 c6 16. Ba3 c5 17. Nb5 Qh5 18. Nxd6 Be6 19. e4 Ng4 20. h3 f4 21. Nf5 Bxf5 22. exf5 fxg3 23. Qxg4 gxf2+ 24. Rxf2 Qf7 25. Bxc5 Kh8 26. Ne4 Bf6 27. Nxf6 Qxf6 28. Re1 Rf7 29. d4 1-0

[Event "WYCC 2018 G16"]
[Site "Halkidiki"]
[Date "2018.10.28"]
[Round "9"]
[White "Duson, Robin"]
[Black "Plaza Reino, Mercedes"]
[Result "1-0"]
[ECO "D35"]
[WhiteElo "1999"]
[BlackElo "1727"]
[Annotator "NA"]
[PlyCount "83"]
[EventDate "2018.10.20"]
[EventType "swiss"]
[EventCountry "GRE"]
[SourceTitle "playchess.com"]
[Source "ChessBase"]
[SourceQuality "1"]
[TimeControl "40/5400+30:1800+30"]

1. d4 d5 2. c4 e6 3. Nc3 Nf6 4. cxd5 exd5 5. Bg5 Be7 6. e3 c6 7. Bd3 h6 8. Bh4 O-O 9. Qc2 Nbd7 10. Nf3 Re8 11. Bg3 Nf8 12. h3 Bd6 13. Bxd6 Qxd6 14. O-O b6 15. Ne5 Bb7 16. f4 Rac8 17. g4 c5 18. Qf2 Ne4 19. Bxe4 dxe4 20. Rad1 cxd4 21. Rxd4 Qe7 22. Rfd1 Rcd8 23. Nb5 Rxd4 24. Rxd4 f6 25. Nc4 Ne6 26. Rd2 Bc6 27. Nbd6 Rd8 28. Nf5 Qc7 29. Ncd6 Nc5 30. Rd4 Kh7 31. Qh4 Rd7 32. g5 fxg5 33. fxg5 Ne6 34. Ne8 Qc8 35. gxh6 g6 36. Nf6+ Kh8 37. Nxd7 Bxd7 38. Qf6+ Kh7 39. Qe7+ Kh8 40. Qxd7 Qxd7 41. Rxd7 gxf5 42. Rxa7 1-0

[Event "WYCC 2018 G16"]
[Site "Halkidiki"]
[Date "2018.10.28"]
[Round "9"]
[White "Djidjeli, Sarah"]
[Black "Sabiani, Chjara"]
[Result "1-0"]
[ECO "B30"]
[WhiteElo "1952"]
[BlackElo "1778"]
[Annotator "NA RC"]
[PlyCount "61"]
[EventDate "2018.10.20"]
[EventType "swiss"]
[EventCountry "GRE"]
[SourceTitle "playchess.com"]
[Source "ChessBase"]
[SourceQuality "1"]
[TimeControl "40/5400+30:1800+30"]

1. e4 c5 2. Nf3 Nc6 3. Bb5 d6 4. O-O g6 5. Re1 Bg7 6. c3 e5 7. d4 Bd7 8. Be3 Qe7 9. dxc5 dxc5 10. Qd5 Nf6 11. Qxc5 Nxe4 12. Qd5 f5 13. Nbd2 Nf6 14. Qc4 Ng4 15. Bc5 Qf7 16. h3 Nh6 17. Qa4 Qd5 18. b4 Nb8 19. Rad1 Bxb5 20. Qxb5+ Qc6 21. Qe2 Nd7 22. Nc4 O-O-O 23. Be7 Rde8 24. Nd6+ Kb8 25. Nxe8 Rxe8 26. b5 Qe6 27. Bb4 Nf7 28. Nd4 Qb6 29. Nc6+ Kc8 30. Qc4 Nd8 31. Ne7+ 1-0

[Event "WYCC 2018 G16"]
[Site "Halkidiki"]
[Date "2018.10.28"]
[Round "9"]
[White "Hajiyeva, Laman"]
[Black "Getman, Tatyana"]
[Result "1/2-1/2"]
[ECO "E49"]
[WhiteElo "1916"]
[BlackElo "2195"]
[Annotator "NA"]
[PlyCount "94"]
[EventDate "2018.10.20"]
[EventType "swiss"]
[EventCountry "GRE"]
[SourceTitle "playchess.com"]
[Source "ChessBase"]
[SourceQuality "1"]
[TimeControl "40/5400+30:1800+30"]

1. d4 Nf6 2. c4 e6 3. Nc3 Bb4 4. e3 O-O 5. Bd3 d5 6. a3 Bxc3+ 7. bxc3 dxc4 8. Bxc4 c5 9. Ne2 Qc7 10. Ba2 b6 11. O-O Bb7 12. Ng3 Rd8 13. Bb2 Nbd7 14. Qe2 Qc6 15. f3 b5 16. Rfd1 Nb6 17. Rac1 Rac8 18. e4 Na4 19. Bb1 Nxb2 20. Qxb2 cxd4 21. cxd4 Qb6 22. Rxc8 Rxc8 23. Kh1 a5 24. Bd3 Ba6 25. d5 exd5 26. Nf5 Rd8 27. exd5 Kf8 28. d6 Bc8 29. Qe5 Bxf5 30. Qe7+ Kg8 31. Bxf5 b4 32. axb4 axb4 33. Rc1 Nd5 34. Qe5 Qe3 35. Qxe3 Nxe3 36. Be4 Kf8 37. Kg1 Rxd6 38. Rc8+ Ke7 39. Kf2 Nd1+ 40. Ke1 Nc3 41. Bc2 Nd5 42. Bb3 Kf6 43. Rc4 Rd7 44. Rd4 Ke5 45. Re4+ Kd6 46. Bxd5 Kxd5 47. Rxb4 Ke5 1/2-1/2

[Event "WYCC 2018 G16"]
[Site "Halkidiki"]
[Date "2018.10.28"]
[Round "9"]
[White "Kobald, Jacqueline"]
[Black "Bania, Eleni"]
[Result "1/2-1/2"]
[ECO "C77"]
[WhiteElo "1911"]
[BlackElo "1454"]
[Annotator "NA"]
[PlyCount "85"]
[EventDate "2018.10.20"]
[EventType "swiss"]
[EventCountry "GRE"]
[SourceTitle "playchess.com"]
[Source "ChessBase"]
[SourceQuality "1"]
[TimeControl "40/5400+30:1800+30"]

1. e4 e5 2. Nf3 Nc6 3. Bb5 a6 4. Ba4 Nf6 5. Qe2 b5 6. Bb3 Bc5 7. O-O O-O 8. a4 b4 9. d3 d6 10. h3 Rb8 11. Nbd2 h6 12. Nc4 Be6 13. Bd2 Nd7 14. a5 Ba7 15. Ba4 Nd4 16. Nxd4 Bxd4 17. c3 bxc3 18. bxc3 Ba7 19. Rab1 Bxc4 20. dxc4 Nc5 21. Bc2 Qd7 22. Be3 Qc6 23. Qg4 Kh8 24. Kh2 Ra8 25. f4 Nd7 26. Bd2 Rae8 27. f5 Qxc4 28. f6 Nxf6 29. Qh4 Ng8 30. Bb3 Qe2 31. Bxf7 Qxd2 32. Bxe8 Rxe8 33. Qh5 Rc8 34. Rf7 Qg5 35. Qxg5 hxg5 36. Rb7 Bb8 37. Rf5 Nf6 38. Rf1 Nd7 39. Rf5 Nf6 40. Rf1 Nd7 41. Rfb1 Kh7 42. Kg3 Rf8 43. R1b4 1/2-1/2

[Event "WYCC 2018 G16"]
[Site "Halkidiki"]
[Date "2018.10.28"]
[Round "9"]
[White "Nemcova, Karin"]
[Black "Palma, Maria"]
[Result "1/2-1/2"]
[ECO "B38"]
[WhiteElo "1888"]
[BlackElo "2106"]
[Annotator "NA"]
[PlyCount "125"]
[EventDate "2018.10.20"]
[EventType "swiss"]
[EventCountry "GRE"]
[SourceTitle "playchess.com"]
[Source "ChessBase"]
[SourceQuality "1"]
[TimeControl "40/5400+30:1800+30"]

1. e4 c5 2. Nf3 g6 3. d4 cxd4 4. Nxd4 Bg7 5. c4 Nc6 6. Be3 Nf6 7. Nc3 O-O 8. Be2 d6 9. O-O Bd7 10. Rc1 Nxd4 11. Bxd4 Bc6 12. f3 Nd7 13. Be3 a5 14. b3 Nc5 15. Qc2 Qb6 16. Rb1 Qb4 17. Nd5 Bxd5 18. exd5 Rfc8 19. Bd2 Qb6 20. Kh1 Na6 21. Qe4 Bf6 22. f4 Qc5 23. f5 Qd4 24. Qxd4 Bxd4 25. Rbe1 Nc5 26. Bg4 Rc7 27. fxg6 hxg6 28. Rf3 f5 29. Bh3 Ne4 30. Be3 Bxe3 31. Rfxe3 Kf7 32. g4 Rh8 33. gxf5 g5 34. Rxe4 Rxh3 35. Kg2 Rc3 36. R4e3 Rc2+ 37. R1e2 Rxe2+ 38. Rxe2 Kf6 39. Rf2 a4 40. Kg3 axb3 41. axb3 b5 42. Rf3 bxc4 43. Rc3 Kxf5 44. bxc4 Rc5 45. Rc1 e5 46. dxe6 Kxe6 47. Kg4 Kf6 48. h4 gxh4 49. Kxh4 Rc6 50. Kg4 Ke5 51. Kf3 Kd4 52. Ke2 Rxc4 53. Rh1 Kc3 54. Rc1+ Kb4 55. Rb1+ Kc3 56. Rc1+ Kb3 57. Rd1 Re4+ 58. Kd3 Rh4 59. Rb1+ Ka4 60. Rb6 Rh1 61. Kd2 Rh6 62. Kd3 Ka5 63. Rb8 1/2-1/2

[Event "WYCC 2018 G16"]
[Site "Halkidiki"]
[Date "2018.10.28"]
[Round "9"]
[White "Moerwald, Magdalena"]
[Black "Golsta, Ramona"]
[Result "0-1"]
[ECO "B35"]
[WhiteElo "1875"]
[BlackElo "1681"]
[Annotator "NA"]
[PlyCount "138"]
[EventDate "2018.10.20"]
[EventType "swiss"]
[EventCountry "GRE"]
[SourceTitle "playchess.com"]
[Source "ChessBase"]
[SourceQuality "1"]
[TimeControl "40/5400+30:1800+30"]

1. e4 c5 2. Nf3 g6 3. d4 cxd4 4. Nxd4 Bg7 5. Nc3 Nc6 6. Be3 Nf6 7. Bc4 O-O 8. Bb3 a6 9. f3 Qc7 10. Qd2 b5 11. O-O-O Na5 12. Nd5 Nxd5 13. Bxd5 Bb7 14. Bb3 Rfc8 15. Kb1 d5 16. exd5 Nc4 17. Bxc4 Qxc4 18. Qd3 Qxd5 19. Nb3 Qc6 20. Na5 Qc7 21. Nxb7 Qxb7 22. Rd2 a5 23. Rhd1 e6 24. Qe2 a4 25. Rd7 Qa6 26. a3 Qa5 27. Bd2 Qb6 28. Bb4 Bf8 29. Bxf8 Rxf8 30. Qd2 Qc5 31. Qd4 Rac8 32. Qxc5 Rxc5 33. Rb7 Rfc8 34. c3 R8c7 35. Rd8+ Kg7 36. Rbb8 Kf6 37. Rd4 Rc8 38. Rb7 R8c7 39. Rb6 R7c6 40. Rb8 Rc8 41. Rxc8 Rxc8 42. Rb4 Rc5 43. Kc2 Ke5 44. c4 Kd4 45. Rxb5 Rxc4+ 46. Kd2 f6 47. g4 Rc5 48. Rb4+ Rc4 49. Rb7 h5 50. gxh5 gxh5 51. Rb6 Kd5 52. Kd3 Rh4 53. Ra6 Rxh2 54. Rxa4 Rxb2 55. Ra5+ Kd6 56. Ra6+ Ke5 57. a4 h4 58. Ke3 Kf5 59. a5 h3 60. Ra8 h2 61. Rh8 Ra2 62. a6 Ke5 63. Rh5+ f5 64. f4+ Kd5 65. Kf3 Rxa6 66. Rxh2 Ra3+ 67. Kg2 Ra2+ 68. Kg3 Rxh2 69. Kxh2 {[%emt 0:00:03] Ke5} Ke4 0-1

[Event "WYCC 2018 G16"]
[Site "Halkidiki"]
[Date "2018.10.28"]
[Round "9"]
[White "Nayberg, Simona"]
[Black "Simkunaite, Gabija"]
[Result "0-1"]
[ECO "B13"]
[WhiteElo "1857"]
[BlackElo "1650"]
[Annotator "NA"]
[PlyCount "76"]
[EventDate "2018.10.20"]
[EventType "swiss"]
[EventCountry "GRE"]
[SourceTitle "playchess.com"]
[Source "ChessBase"]
[SourceQuality "1"]
[TimeControl "40/5400+30:1800+30"]

1. e4 c6 2. d4 d5 3. exd5 cxd5 4. Bd3 Nf6 5. c3 Nc6 6. Bf4 e6 7. Nf3 Bd6 8. Bxd6 Qxd6 9. O-O O-O 10. Qe2 Nd7 11. Re1 b6 12. Ne5 Ncxe5 13. dxe5 Qe7 14. Qh5 g6 15. Qh6 f6 16. exf6 Nxf6 17. Qg5 Qc5 18. Re3 d4 19. Re5 Qd6 20. Nd2 dxc3 21. Ne4 cxb2 22. Re1 Qxd3 23. Nxf6+ Rxf6 24. Qxf6 b1=Q 25. Rxe6 Qxe1+ 26. Rxe1 Bf5 27. h4 Rf8 28. Qe7 Qd2 29. Re3 Qxa2 30. Qc7 Be6 31. f3 Qc4 32. Qe7 Qc1+ 33. Kf2 Qd2+ 34. Re2 Qd4+ 35. Ke1 Bf7 36. Qg5 Rc8 37. h5 Qg1+ 38. Kd2 Qc1+ 0-1

[Event "WYCC 2018 G16"]
[Site "Halkidiki"]
[Date "2018.10.28"]
[Round "9"]
[White "Kvendseth, Thyra"]
[Black "Cramling Bellon, Anna"]
[Result "0-1"]
[ECO "A46"]
[WhiteElo "1854"]
[BlackElo "2025"]
[Annotator "NA"]
[PlyCount "112"]
[EventDate "2018.10.20"]
[EventType "swiss"]
[EventCountry "GRE"]
[SourceTitle "playchess.com"]
[Source "ChessBase"]
[SourceQuality "1"]
[TimeControl "40/5400+30:1800+30"]

1. d4 Nf6 2. Nf3 d5 3. g3 e6 4. Bg2 c5 5. O-O Nc6 6. b3 cxd4 7. Nxd4 Bc5 8. Nxc6 bxc6 9. c4 Bd7 10. Bb2 h5 11. h4 Qb6 12. cxd5 cxd5 13. Nc3 Ng4 14. Qe1 f5 15. Bc1 O-O 16. Bg5 Rac8 17. Rc1 Ba3 18. Rd1 d4 19. Nb1 Bb4 20. Bd2 Bd6 21. Ba5 Qc5 22. b4 Qe5 23. Qd2 Bb5 24. Qxd4 Qxd4 25. Rxd4 Be5 26. Rd2 f4 27. Na3 Bc3 28. Rc2 Ba4 29. Bb7 Bxc2 30. Bxc8 Rxc8 31. Nxc2 Bb2 32. Ne1 fxg3 33. fxg3 Bd4+ 34. Kh1 Rc1 35. b5 Ne3 36. Rf4 e5 37. Rf3 Nc2 38. Rf1 Bb6 39. Bd2 Rd1 40. Bc3 Bd4 41. Ba5 Bb6 42. Bc3 Ne3 43. Rf3 Nd5 44. Kh2 Nxc3 45. Rxc3 Rxe1 46. Rc2 Kf7 47. Kg2 e4 48. a4 Rg1+ 49. Kh2 Ra1 50. Rc4 e3 51. Kg2 Ke6 52. g4 Kd5 53. Rf4 hxg4 54. Rxg4 Bd4 55. Rg5+ Kc4 56. Kf3 Rxa4 0-1

[Event "WYCC 2018 G16"]
[Site "Halkidiki"]
[Date "2018.10.28"]
[Round "9"]
[White "Nguyen, Vu Thu Hien"]
[Black "Miroshnik, Ekaterina"]
[Result "1/2-1/2"]
[ECO "D37"]
[WhiteElo "1841"]
[BlackElo "2023"]
[Annotator "NA RC"]
[PlyCount "58"]
[EventDate "2018.10.20"]
[EventType "swiss"]
[EventCountry "GRE"]
[SourceTitle "playchess.com"]
[Source "ChessBase"]
[SourceQuality "1"]
[TimeControl "40/5400+30:1800+30"]

1. d4 Nf6 2. Nf3 e6 3. c4 d5 4. Nc3 Be7 5. cxd5 exd5 6. Bg5 c6 7. e3 Bf5 8. Bd3 Bxd3 9. Qxd3 Nbd7 10. O-O O-O 11. Rab1 a5 12. a3 Ne4 13. Bxe7 Qxe7 14. b4 axb4 15. axb4 Nb6 16. Rb3 Rfc8 17. h3 Ra7 18. Rfb1 Qe6 19. Qe2 Nc4 20. Nxe4 Qxe4 21. b5 cxb5 22. Rxb5 b6 23. Rc1 Ra5 24. Rxa5 bxa5 25. Ne5 a4 26. Qa2 Ra8 27. Nxc4 dxc4 28. Rxc4 Qe6 29. d5 Qd7 1/2-1/2

[Event "WYCC 2018 G16"]
[Site "Halkidiki"]
[Date "2018.10.28"]
[Round "9"]
[White "Hoesley, Aria"]
[Black "Sankova, Stella"]
[Result "1/2-1/2"]
[ECO "B54"]
[WhiteElo "1831"]
[BlackElo "2051"]
[Annotator "NA"]
[PlyCount "84"]
[EventDate "2018.10.20"]
[EventType "swiss"]
[EventCountry "GRE"]
[SourceTitle "playchess.com"]
[Source "ChessBase"]
[SourceQuality "1"]
[TimeControl "40/5400+30:1800+30"]

1. e4 c5 2. Nf3 d6 3. d4 cxd4 4. Nxd4 Nf6 5. f3 e5 6. Nb3 d5 7. Bg5 Be6 8. N1d2 Nc6 9. exd5 Bxd5 10. Qe2 Qc7 11. c3 Be7 12. O-O-O a5 13. Bxf6 gxf6 14. Qb5 Be6 15. Bc4 Bf5 16. g4 Bg6 17. Bd5 a4 18. Nc5 Ra5 19. Bxc6+ bxc6 20. Na6 cxb5 21. Nxc7+ Kf8 22. Ne4 h5 23. h3 b4 24. cxb4 Bxb4 25. Nd5 Be7 26. Ndc3 f5 27. gxf5 Bxf5 28. Rd5 Rxd5 29. Nxd5 Rg8 30. Nxe7 Kxe7 31. Rh2 Be6 32. a3 h4 33. Kd2 Rb8 34. Ke3 Rb3+ 35. Nc3 f5 36. Rg2 Kf6 37. Rh2 Bd7 38. Kd3 Bc6 39. Rf2 Rb8 40. Kc4 Bd7 41. Rg2 Bc6 42. Rf2 Bd7 1/2-1/2

[Event "WYCC 2018 G16"]
[Site "Halkidiki"]
[Date "2018.10.28"]
[Round "9"]
[White "Kalyva, Kyriaki"]
[Black "Zhang, Xiao"]
[Result "0-1"]
[ECO "D26"]
[WhiteElo "1779"]
[BlackElo "1980"]
[Annotator "NA"]
[PlyCount "104"]
[EventDate "2018.10.20"]
[EventType "swiss"]
[EventCountry "GRE"]
[SourceTitle "playchess.com"]
[Source "ChessBase"]
[SourceQuality "1"]
[TimeControl "40/5400+30:1800+30"]

1. d4 d5 2. c4 dxc4 3. e3 Nf6 4. Bxc4 e6 5. Nf3 c5 6. O-O Nc6 7. Qe2 a6 8. Rd1 b5 9. Bd3 Nb4 10. e4 c4 11. Bc2 Nxc2 12. Qxc2 Bb7 13. Nc3 b4 14. e5 bxc3 15. exf6 gxf6 16. Qxc3 Qd5 17. Bf4 h5 18. Rac1 Rc8 19. b3 Ba3 20. Rc2 Qe4 21. bxc4 Bb4 22. Qb2 Qxf4 23. Qxb4 Bxf3 24. gxf3 Qxf3 25. Qa4+ Kf8 26. Qb4+ Kg7 27. Qd2 Rhg8 28. Kf1 Qh1+ 29. Ke2 Qxh2 30. Rcc1 Qh4 31. Rg1+ Kh7 32. Qd3+ f5 33. Rh1 Qg4+ 34. Kd2 Rcd8 35. Kc3 Kh6 36. Rh2 Rg5 37. Rch1 f4 38. Rh4 Qf5 39. Qxf5 Rxf5 40. f3 Kg6 41. Kd3 f6 42. Re1 Ra5 43. Rxe6 Ra3+ 44. Kc2 Rxd4 45. c5 Rxf3 46. Rxa6 Kg5 47. Rh1 Rc4+ 48. Kd2 Rxc5 49. Ra8 Kg4 50. Rf8 Rf2+ 51. Kd1 Rxa2 52. Rg8+ Rg5 0-1